 Dungeon Crawl Stone Soup version 0.26-a0-670-g578ab304f5 (webtiles) character file.

Game seed: 7733850893993828232

82 PentaManta the Ruffian (level 4, -1/35 HPs)
             Began as a Ghoul Artificer on Oct 19, 2020.
             Killed from afar by an orc wizard (4 damage)
             ... with a magic dart
             ... on level 3 of the Dungeon.
             The game lasted 00:04:30 (2447 turns).

PentaManta the Ruffian (Ghoul Artificer)            Turns: 2447, Time: 00:04:31

Health: -1/35      AC:  5    Str: 16    XL:     4   Next: 43%
Magic:  3/3        EV: 10    Int:  6    God:
Gold:   191        SH:  0    Dex:  9    Spells: 3/3 levels left

rFire    . . .     SeeInvis .     - Unarmed
rCold    + . .     Faith    .   (no shield)
rNeg     + + +     Spirit   .   h - +0 ring mail
rPois    ∞         Reflect  .   (no helmet)
rElec    .         Harm     .   u - scarf {repulsion}
rCorr    .         Rampage  .   (no gloves)
MR       .....                  (no boots)
Stlth    +.........             (no amulet)
HPRegen  0.00/turn              (no ring)
MPRegen  0.08/turn              (no ring)

@: repel missiles
A: rotting body, claws 1, cold resistance 1, negative energy resistance 3,
inhibited regeneration, torment resistance, unbreathing
a: no special abilities


You were on level 3 of the Dungeon.
You visited 1 branch of the dungeon, and saw 3 of its levels.

You collected 191 gold pieces.

Inventory:

Hand Weapons
 s - a +2 hunting sling of flaming
Missiles
 t - 106 stones (quivered)
Armour
 h - a +0 ring mail (worn)
 o - a +0 plate armour
 u - a scarf of repulsion (worn)
Jewellery
 r - an uncursed ring of fire {unknown}
Wands
 c - a wand of flame (11)
 d - a wand of enslavement (9)
 e - a wand of random effects (15)
Scrolls
 a - a scroll of amnesia {unknown}
 b - a scroll of teleportation {unknown}
 g - 3 scrolls of identify {unknown}
 k - a scroll of enchant armour {unknown}
 m - a scroll of blinking {unknown}
 p - 2 scrolls of remove curse {unknown}
 v - a scroll of random uselessness {unknown}
Potions
 f - 3 potions of cancellation {unknown}
 i - a potion of berserk rage {unknown}
 j - 2 potions of curing {unknown}
 l - a potion of degeneration {unknown}
 n - a potion of heal wounds {unknown}
 q - a potion of mutation {unknown}


   Skills:
 - Level 1.1 Fighting
 - Level 1.7 Armour
 - Level 0.8 Dodging
 - Level 1.1 Stealth
 + Level 4.3 Unarmed Combat
 - Level 2.6 Evocations


You had 3 spell levels left.
You didn't know any spells.
Your spell library was empty.

Dungeon Overview and Level Annotations

Branches:
Dungeon (3/15)

Altars:
Fedhas
Uskayaw
Xom


Innate Abilities, Weirdness & Mutations

Your body is rotting away.
You thrive by killing the living.
You are immune to poison.
You have sharp fingernails.
Your flesh is cold resistant. (rC+)
You are immune to negative energy. (rN+++)
You do not regenerate when monsters are visible.
You are immune to unholy pain and torment.
You can survive without breathing.


Message History

The orc wizard is almost dead.
The orc wizard hits you with a +0 dagger.
* * * LOW HITPOINT WARNING * * *
The orc wizard hits you with a +0 dagger.
* * * LOW HITPOINT WARNING * * *
You barely miss the orc wizard.
The orc wizard is almost dead.
The orc wizard casts a spell at you. You resist with some effort.
You closely miss the orc wizard.
The orc wizard is almost dead.
The orc wizard gestures at you while chanting.
You resist with some effort.
You scratch the orc wizard.
The orc wizard is almost dead.
The orc wizard points at you and mumbles some strange words.
You resist with some effort. The orc wizard casts a spell at you.
The magic dart hits you.
You die...

.#######.##################)#
# #.........#⌠#_### # #†# #
#.#.######8.#.#.#.#.##.###
#.#....##...........8#....
#.####.##.!..o......##.###
#.........8.#)#.#.#.##.###
######...o#_#⌠# # ##...
.......#o###### #.##
.#####.#@# #.# #.# #.#.# #.#
#.# #.#.# #.# #.# ..#.# #.#
#.# ###.# #.# #.# ..# #.# #.#
### #.########.# #..........#
#.##########


You could see an orc wizard (fast) and an orc.

Vanquished Creatures
  An adder (D:2)
  An ooze (D:1)
  A worm (D:3)
  7 orcs
  4 giant cockroaches
  7 hobgoblins
  A jackal (D:1)
  A quokka (D:2)
  2 ball pythons (D:1)
  7 bats
  7 frilled lizards
  7 goblins
  5 kobolds
  5 rats
56 creatures vanquished.

Vanquished Creatures (collateral kills)
  A jackal (D:1)
1 creature vanquished.

Vanquished Creatures (others)
  An orc (D:3)
  2 jackals (D:1)
3 creatures vanquished.

Grand Total: 60 creatures vanquished

Notes
Turn   | Place    | Note
-------+----------+-------------------------------------------
     0 | D:1      | PentaManta the Ghoul Artificer began the quest for the Orb.
     0 | D:1      | Reached XP level 1. HP: 16/16 MP: 0/0
   413 | D:1      | Reached skill level 1 in Unarmed Combat
   626 | D:1      | Reached XP level 2. HP: 19/23 MP: 1/1
   868 | D:1      | Reached skill level 2 in Unarmed Combat
   991 | D:1      | You fall into a shaft and drop 1 floor!
  1058 | D:2      | Reached XP level 3. HP: 28/28 MP: 2/2
  1062 | D:2      | You fall into a shaft and drop 1 floor!
  1105 | D:2      | Reached skill level 3 in Unarmed Combat
  1553 | D:2      | Reached XP level 4. HP: 33/35 MP: 3/3
  2069 | D:3      | Reached skill level 4 in Unarmed Combat
  2116 | D:3      | Found a shimmering altar of Xom.
  2382 | D:3      | Found a hide-covered altar of Uskayaw.
  2386 | D:3      | Found a blossoming altar of Fedhas.
  2447 | D:3      | Killed from afar by an orc wizard

Illustrated notes

Levels and vault maps discovered:
D:1:      wander_arrival_abandoned_jail, layout_loops_ring
D:2:      layout_basic, hangedman_abyss_or_decor_lesser_grid,
          guppyfry_early_orc_mine
D:3:      layout_basic, minitemple, chequers_ecumenical_altar_grove,
          grunt_decor_one_mirror, wad_floor_pattern_untrapped, xom_teletrap_fun

Skill      XL: |  1  2  3  4 |
---------------+-------------+-----
Unarmed Combat | 1 2 3 4 |  4.3
Fighting       | |  1.1
Armour         | |  1.7
Dodging        | |  0.8
Stealth        | |  1.1
Evocations     | |  2.6

Action                   |  1- 3 |  4- 6 || total
-------------------------+-------+-------++-------
Melee: Unarmed           |   138 |    61 ||   199
       Punch             |       |     1 ||     1
Evoke: Wand              |     7 |     3 ||    10
Armor: Leather armour    |    13 |       ||    13
       Ring mail         |    43 |    19 ||    62
Dodge: Dodged            |    74 |    33 ||   107

Table legend: (Time is in decaauts)
 A = Elapsed time spent in this place.
 B = Non-inter-level travel time spent in this place.
 C = Inter-level travel time spent in this place.
 D = Time resting spent in this place.
 E = Time spent auto-exploring this place.
 F = Levels seen in this place.
 G = Mean time per level.
                   A        B        C        D        E       F      G
               +--------+--------+--------+--------+--------+-----+--------+
         Total |   2438 |   2362 |     76 |    278 |   1630 |   3 |  812.7 |
       Dungeon |   2438 |   2362 |     76 |    278 |   1630 |   3 |  812.7 |
               +--------+--------+--------+--------+--------+-----+--------+

Top non-repeatable levels by time:
     D:1: 1268 daAuts
     D:2: 759 daAuts
     D:3: 410 daAuts
